 Dungeon Crawl Stone Soup version 0.28-a0-1447-ga5a8893891 (webtiles) character file.

Game seed: 2356743771249600684

208 fragbeetle the Cudgeller (level 5, 0/53 HPs)
             Began as a Troll Berserker on Jan 11, 2022.
             Was a Believer of Trog.
             Slain by an orc (8 damage)
             ... on level 4 of the Dungeon on Jan 12, 2022.
             The game lasted 00:06:06 (2247 turns).

fragbeetle the Cudgeller (Troll Berserker)          Turns: 2247, Time: 00:06:06

Health: 0/53       AC:  4    Str: 25    XL:     5   Next: 55%
Magic:  4/4        EV: 10    Int:  5    God:    Trog [**....]
Gold:   117        SH:  0    Dex:  9    Spells: 4/4 levels left

rFire   . . .      SeeInvis .   r - +0 flail
rCold   . . .      Faith    .   (no shield)
rNeg    . . .      Spirit   .   b - +0 animal skin
rPois   .          Reflect  .   (helmet restricted)
rElec   .          Harm     .   (no cloak)
rCorr   .          Rampage  .   (gloves unavailable)
Will    .....                   (boots unavailable)
Stlth   +.........              (no amulet)
HPRegen 0.97/turn               (no ring)
MPRegen 0.09/turn               (no ring)

@: no status effects
A: large, unfitting armour, claws 3, regeneration 1, shaggy fur 1, tough skin 1
a: Renounce Religion, Berserk, Trog's Hand


You were on level 4 of the Dungeon.
You worshipped Trog.
Trog was pleased with you.
You visited 2 branches of the dungeon, and saw 5 of its levels.

You collected 117 gold pieces.

Inventory:

Hand Weapons
 r - a +0 flail (weapon)
Missiles
 g - 103 stones
 k - 5 boomerangs (quivered)
 t - 6 curare-tipped darts
Armour
 b - a +0 animal skin (worn)
 f - a +0 kite shield
Scrolls
 c - 9 scrolls of identify {unknown}
 d - a scroll of fog {unknown}
 e - a scroll of immolation {unknown}
 j - a scroll of amnesia {unknown}
 m - a scroll of teleportation {unknown}
 n - a scroll of fear {unknown}
 v - a scroll of noise {unknown}
Potions
 i - a potion of curing {unknown}
 l - a potion of heal wounds {unknown}
 o - 2 potions of lignification {unknown}
 p - a potion of mutation {unknown}
 q - 2 potions of degeneration {unknown}
 s - 2 potions of berserk rage {unknown}
 u - a potion of magic {unknown}
 w - a potion of might {unknown}


   Skills:
 + Level 3.2 Fighting
 * Level 4.2 Maces & Flails
 + Level 1.6 Throwing
 + Level 3.1 Dodging


You had 4 spell levels left.
You didn't know any spells.
Your spell library was empty.

Dungeon Overview and Level Annotations

Branches:
Dungeon (4/15)             Temple (1/1) D:4

Altars:

Shops:
D:2 *   D:3 (


Innate Abilities, Weirdness & Mutations

You are too large for most types of armour.
You have claws for hands.
Your natural rate of healing is unusually fast.
You are covered in fur. (AC +1)
You have tough skin. (AC +1)


Message History

The adder closely misses you.
You sock the adder!
You kill the adder!
Trog accepts your kill.
You feel the effects of Trog's Hand fading.
You feel sick.
You barely miss the orc.
You feel sick.
You are no longer poisoned.
You hit the orc.
The orc is lightly wounded.
The orc hits you but does no damage. The orc hits you with a +0 flail!
The orc closely misses you. The orc hits you with a +0 flail.
You hit the orc.
The orc is moderately wounded.
The orc hits you with a +0 club. The orc hits you with a +0 flail.
The orc priest invokes the aid of Beogh against you.
Beogh smites you!
You hit the orc.
The orc is severely wounded.
Your skin stops crawling.
You feel less strong-willed.
You hit the orc.
The orc is almost dead.
The orc priest looks encouraged for a moment.
The orc closely misses you.
You hit the orc.
You kill the orc!
Trog accepts your kill. The orc hits you with a +0 flail!
The orc priest mumbles some strange prayers to Beogh against you.
Pain shoots through your body!
* * * LOW HITPOINT WARNING * * *
The hound skeleton bites you but does no damage.
Things that are here:
an adder corpse; a hound corpse The orc hits you with a +0 flail.
* * * LOW HITPOINT WARNING * * *
You hit the orc.
The orc is severely wounded.
The scorpion closely misses you. The orc hits you with a +0 flail!
You die...

#.#.####..###.#.#
#.######.#.####..#<#.#.#######
........................†.....
#.#########.##...#.#.#########
#........#+#.#......#
#.#.##.......#.####.#
#.#.##..............#
#..oso......##.######
###Z#@......##.#
#o#.......##.#
#.######.#.......####
.....S..o#......##♣♣♣#
.........###....#♣...♣
.....s.(.# #....'..>.♣
....o(...###....#♣...♣
.........#....).##♣♣♣#
.........#.......###


You could see a scorpion, an orc priest and an orc.

Vanquished Creatures
  A jelly (D:4)
  A hound (D:4)
  6 adders
  A worm (D:3)
  3 dart slugs
  12 orcs
  5 endoplasms
  4 giant cockroaches
  4 goblins
  10 hobgoblins
  4 quokkas
  4 ball pythons
  7 bats
  3 frilled lizards
  5 kobolds
  A rat (D:2)
71 creatures vanquished.

Notes
Turn   | Place    | Note
-------+----------+-------------------------------------------
     0 | D:1      | fragbeetle the Troll Berserker began the quest for the Orb.
     0 | D:1      | Reached XP level 1. HP: 22/22 MP: 0/0
   156 | D:1      | Reached skill level 3 in Maces & Flails
   164 | D:1      | Reached XP level 2. HP: 29/29 MP: 1/1
   865 | D:2      | Found Qubrej's Assorted Antiques.
   882 | D:2      | Reached XP level 3. HP: 33/36 MP: 2/2
  1277 | D:2      | Reached ** piety under Trog
  1351 | D:2      | Reached XP level 4. HP: 43/44 MP: 3/3
  1606 | D:3      | Found Legawk's Antique Weapon Shop.
  1613 | D:3      | Found a faded altar of an unknown god.
  1640 | D:3      | Reached skill level 1 in Throwing
  2083 | D:4      | Reached skill level 4 in Maces & Flails
  2083 | D:4      | Reached XP level 5. HP: 24/53 MP: 4/4
  2163 | D:4      | Found a staircase to the Ecumenical Temple.
  2171 | Temple   | Entered the Ecumenical Temple
  2247 | D:4      | Slain by an orc

Illustrated notes

Levels and vault maps discovered:
D:1:      mrwooster_arrival_statue_2, layout_loops_ring, serial_aquarium,
          aquarium_bridge_square [aquarium_subvault_wall,
          aquarium_subvault_bridge, aquarium_subvault_wall,
          aquarium_subvault_bridge], aquarium_window_3, aquarium_window_1,
          aquarium_window_fake, aquarium_window_corner, aquarium_view_2f,
          aquarium_view_2g, aquarium_pool_corner
D:2:      layout_basic, serial_shops, nicolae_shop_stone
D:3:      layout_basic, ebering_ecumenical_altar_sacrificial, serial_shops,
          nicolae_shop_waterfront, interstate_on_off, nicolae_figureground_pulse
D:4:      layout_basic, minmay_temple_entry_enclosed_plants,
          gammafunk_ghost_stat_death
Temple:   dpeg_five_rooms_temple

Skill      XL: |  1  2  3  4 |
---------------+-------------+-----
Maces & Flails | 3 4 |  4.2
Fighting       | 3 |  3.2
Throwing       | 1 |  1.6
Dodging        | 3 |  3.1

Action                   |  1- 3 |  4- 6 || total
-------------------------+-------+-------++-------
Melee: Mace              |   110 |    23 ||   133
       Punch             |     3 |     1 ||     4
       Flail             |       |    83 ||    83
Throw: Boomerang         |       |     7 ||     7
Invok: Berserk           |     1 |     1 ||     2
       Trog's Hand       |       |     1 ||     1
Armor: Animal skin       |    52 |    28 ||    80
Dodge: Dodged            |    67 |    81 ||   148

Table legend: (Time is in decaauts)
 A = Elapsed time spent in this place.
 B = Non-inter-level travel time spent in this place.
 C = Inter-level travel time spent in this place.
 D = Time resting spent in this place.
 E = Time spent auto-exploring this place.
 F = Levels seen in this place.
 G = Mean time per level.
                   A        B        C        D        E       F      G
               +--------+--------+--------+--------+--------+-----+--------+
         Total |   2314 |   2217 |     97 |     28 |   1484 |   5 |  462.8 |
       Dungeon |   2308 |   2211 |     97 |     28 |   1484 |   4 |  577.0 |
        Temple |      5 |      5 |      0 |      0 |      0 |   1 |    5.0 |
               +--------+--------+--------+--------+--------+-----+--------+

Top non-repeatable levels by time:
     D:1: 846 daAuts
     D:2: 642 daAuts
     D:3: 614 daAuts
     D:4: 205 daAuts
  Temple: 5 daAuts
